AoeStats
← O grande

Migration

507298025Analyzed
1v1 RM · 14d ago on Sep 17, 2026· 28m 52s· 2 players
Game mode
Random Map
Map size
132×132
Population
200
Speed
Normal
Resources
Standard
Victory
Conquest
Starting age
Dark Age
Ending age
Imperial Age
RankedLock teamsTeams togetherTeam positionsShared explorationLock speedFull tech treeHidden civsTurbo modeCheats
Victory
Defeat
🇧🇷 Poles · Brazil
2208
+7
🇧🇷 Poles · Brazil
1987
-7
PNLN | PG9
13:25 Feudal Age
17:01 Castle Age
14:57 Double-Bit Axe
15:03 Fishing Lines
17:00 Forging
17:55 Medium Warships
17:36 Gillnets
18:22 Bow Saw
18:34 Loom
18:41 Stone Mining
26:48 Imperial Age
24:57 Horse Collar
25:57 Wheelbarrow
26:15 Heavy Plow
28:40 Conscription
O grande
11:31 Feudal Age
12:23 Loom
15:17 Castle Age
13:49 Double-Bit Axe
15:46 Demolition Ship
16:40 Medium Warships
17:03 Forging
18:49 Wheelbarrow
18:03 Town Watch
20:26 Demolition Ship
Connection lost

Rejoining the realm…

Still unreachable

The connection could not be restored.

Session expired

The server has moved on; the page needs a fresh start.